 Dungeon Crawl Stone Soup version 0.29.0-4-gdea44cf6ec (webtiles) character file.

Game seed: 10575915986014902440

234 qw the Chopper (level 6, -2/38 HPs)
             Began as a Gargoyle Fighter on Sept 10, 2022.
             Slain by Edmund
             ... wielding a +6 vorpal dire flail
              (5 damage)
             ... on level 4 of the Dungeon.
             The game lasted 00:01:10 (3847 turns).

qw the Chopper (Gargoyle Fighter)                   Turns: 3847, Time: 00:01:11

Health: -2/38      AC: 19    Str: 21    XL:     6   Next: 5%
Magic:  6/6        EV:  5    Int:  9    God:
Gold:   148        SH:  4    Dex:  9    Spells: 5/5 levels left

rFire   . . .      SeeInvis .   Y - +0 broad axe
rCold   . . .      Faith    .   c - +0 buckler
rNeg    + + .      Spirit   .   r - +0 plate armour
rPois   inf        Reflect  .   o - +2 helmet
rElec   +          Harm     .   (no cloak)
rCorr   +          Rampage  .   (no gloves)
Will    .....                   (no boots)
Stlth   ..........              (no amulet)
HPRegen 0.12/turn               f - ring of resist corrosion
MPRegen 0.10/turn               l - ring of positive energy

@: about to teleport
A: sickness immunity, AC +4, negative energy resistance 1, electricity
resistance, torment resistance 1, petrification resistance
a: no special abilities


You were on level 4 of the Dungeon.
You visited 1 branch of the dungeon, and saw 4 of its levels.

You collected 183 gold pieces.
You spent 35 gold pieces at shops.


Innate Abilities, Weirdness & Mutations

You are immune to sickness and miasma.
Your stone body is resilient. (AC +4)
You are immune to poison.
You resist negative energy. (rN+)
You are resistant to electric shocks. (rElec)
You are resistant to unholy torment.
You are immune to petrification.


   Skills:
 - Level 4.3 Fighting
 + Level 5.0 Axes
 - Level 3.2 Armour
 - Level 3.2 Shields


You had 5 spell levels left.
You didn't know any spells.
Your spell library was empty.

Inventory:

Hand Weapons
 n - a +0 flail
 Y - a +0 broad axe (weapon)
Armour
 c - a +0 buckler (worn)
 o - a +2 helmet (worn)
 r - a +0 plate armour (worn)
Jewellery
 f - a ring of resist corrosion (left hand)
 l - a ring of positive energy (right hand)
Scrolls
 g - a scroll of identify
 i - a scroll of blinking
Potions
 d - a potion of might
 e - a potion of cancellation
 h - a potion of resistance {unknown}
 j - a potion of heal wounds {unknown}
 k - a potion of curing {unknown}
 m - a potion of flight {unknown}

Dungeon Overview and Level Annotations

Branches:
Dungeon (4/15)
 Temple: D:4-7

Altars:

Shops:
D:2 (

Annotations:
D:4 Edmund


Message History

You hit the orc. You hit the orc but do no damage.
The orc hits you with a +0 flail. The orc barely misses you.
The orc hits you but does no damage. x2
You hit the orc.
You kill the orc!
You hit the orc. The orc hits you with a +0 flail!
You closely miss the orc.
The orc is almost dead.
The orc hits you but does no damage.
You slash the orc!
You kill the orc!
You start resting.
HP restored.
There is a stone staircase leading up here.
You open the door.
Edmund the Younger comes into view.
He is wielding a +6 vorpal dire flail.
Enter note: Edmund grinds his teeth, and then sighs.
You barely miss Edmund. You block Edmund's attack.
You hit Edmund.
Edmund is lightly wounded.
Edmund hits you with a +6 vorpal dire flail!
Edmund barely misses you.
You closely miss Edmund.
Edmund is lightly wounded.
Edmund hits you with a +6 vorpal dire flail!
You slash Edmund!
Edmund is moderately wounded.
Edmund barely misses you.
You hit Edmund but do no damage.
Edmund is moderately wounded.
You block Edmund's attack.
Edmund hits you with a +6 vorpal dire flail!
3847 ||| READING scroll of teleportation.
As you read the scroll of teleportation, it crumbles to dust.
You feel strangely unstable.
Edmund hits you with a +6 vorpal dire flail.
You die...

#.....# ########.....#
######### #...........##
#.......: #...........#
#))...... #...........#
#.)......
#...........####<)......
###########.............
......#.............
......@@............
..##..#............. #.
###+##....#### .. #....#
.. #....# .. #....# .


You could see Edmund.

Vanquished Creatures
  A scorpion (D:3)
  2 orc priests
  2 adders (D:2)
  3 worms
  3 dart slugs
  7 orcs
  4 endoplasms
  A giant cockroach (D:1)
  10 hobgoblins
  3 jackals (D:1)
  5 kobolds
  A quokka (D:3)
  7 ball pythons
  7 bats
  5 frilled lizards
  12 goblins
  A rat (D:3)
74 creatures vanquished.

Vanquished Creatures (others)
  A plant (D:1)
1 creature vanquished.

Grand Total: 75 creatures vanquished

Notes
Turn   | Place    | Note
-------+----------+-------------------------------------------
     0 | D:1      | qw the Gargoyle Fighter began the quest for the Orb.
     0 | D:1      | Reached XP level 1. HP: 14/14 MP: 1/1
     0 | D:1      | 0 ||| qw: Version: 0.1-a-116-g5d60599
     0 | D:1      | 0 ||| qw: Game counter: 7560
     0 | D:1      | 0 ||| qw: Always use a shield: true
     0 | D:1      | 0 ||| qw: God list: Okawaru
     0 | D:1      | 0 ||| qw: Allow faded altars: false
     0 | D:1      | 0 ||| qw: Do Orc after D:15 true
     0 | D:1      | 0 ||| qw: Do second Lair branch before Depths: true
     0 | D:1      | 0 ||| qw: Lair rune preference: random
     0 | D:1      | 0 ||| qw: Plans: Normal, Zot, God:TSO, Crypt, Tomb, Zig,
                  | Orb
     0 | D:1      | 0 ||| PLANNING D:1-11
    32 | D:1      | Reached skill level 2 in Axes
   199 | D:1      | Reached XP level 2. HP: 18/19 MP: 2/2
   247 | D:1      | 247 ||| DROPPING +0 club.
   397 | D:1      | Found a faded altar of an unknown god.
   783 | D:1      | 783 ||| Stepping ~*~*~tactically~*~*~ (stealth).
   792 | D:1      | Reached skill level 3 in Axes
   985 | D:1      | 985 ||| UPGRADING to ring of resist corrosion.
   986 | D:1      | 986 ||| READING 2 scrolls labelled NUZURASMUR.
   990 | D:1      | 990 ||| READING scroll labelled LULA JOUNWY.
  1018 | D:2      | Reached XP level 3. HP: 23/23 MP: 3/3
  1730 | D:2      | Found Nowouz Vata's Weapon Boutique.
  1741 | D:2      | Reached XP level 4. HP: 22/28 MP: 4/4
  1804 | D:2      | 1804 ||| BUYING +0 flail (35 gold).
  1804 | D:2      | Bought a +0 flail for 35 gold pieces
  1804 | D:2      | 1804 ||| DROPPING +0 mace.
  2036 | D:2      | Reached skill level 4 in Axes
  2348 | D:2      | 2348 ||| UPGRADING to ring of positive energy.
  2349 | D:2      | 2349 ||| READING 2 scrolls labelled TANKOA HUSEMN.
  2350 | D:2      | 2350 ||| READING scroll labelled DADILI MIPUDIN.
  2693 | D:3      | 2693 ||| SWAPPING to +0 broad axe.
  2694 | D:3      | 2694 ||| DROPPING +0 war axe.
  2998 | D:3      | 2998 ||| Stepping ~*~*~tactically~*~*~ (stealth).
  3000 | D:3      | 3000 ||| Stepping ~*~*~tactically~*~*~ (hiding).
  3001 | D:3      | 3001 ||| Stepping ~*~*~tactically~*~*~ (hiding).
  3002 | D:3      | 3002 ||| Stepping ~*~*~tactically~*~*~ (hiding).
  3019 | D:3      | HP: 7/28 [orc/+0 whip (5)]
  3020 | D:3      | 3020 ||| READING 3 scrolls of teleportation.
  3020 | D:3      | HP: 2/28 [orc/+0 whip (5)]
  3023 | D:3      | Noticed a scorpion
  3024 | D:3      | 3024 ||| READING 2 scrolls of teleportation.
  3180 | D:3      | Killed a scorpion
  3181 | D:3      | Reached skill level 5 in Axes
  3181 | D:3      | Reached XP level 5. HP: 16/32 MP: 5/5
  3387 | D:3      | 3387 ||| Stepping ~*~*~tactically~*~*~ (hiding).
  3717 | D:3      | 3717 ||| UPGRADING to +2 helmet.
  3722 | D:3      | 3722 ||| UPGRADING to +0 plate armour.
  3732 | D:3      | 3732 ||| DROPPING +0 scale mail.
  3733 | D:3      | 3733 ||| READING scroll labelled JICVEIG UWUET.
  3734 | D:3      | 3734 ||| READING scroll labelled TIJUITR GILOSK.
  3735 | D:3      | 3735 ||| READING scroll labelled REBOTW GOTOSCHU.
  3736 | D:3      | 3736 ||| READING scroll labelled LACAOPL PYSUHU.
  3737 | D:3      | 3737 ||| READING 2 scrolls of identify.
  3737 | D:3      | 3737 ||| IDENTIFYING glowing orange potion
  3754 | D:4      | Reached XP level 6. HP: 38/38 MP: 6/6
  3836 | D:4      | Noticed Edmund
  3846 | D:4      | HP: 6/38 [Edmund/+6 vorpal dire flail (9)]
  3847 | D:4      | 3847 ||| READING scroll of teleportation.
  3847 | D:4      | Slain by Edmund

Levels and vault maps discovered:
D:1:      minmay_arrival_cross, layout_basic, serial_co_window_serial,
          co_window_paths_a, co_window_corner_a, co_window_of_opportunity_a,
          co_window_paths_a, co_window_cross_1, co_window_broadway_c,
          co_window_2corner, co_window_2corner, co_window_4corner_b,
          glass_columns_a, shapermc_ecumenical_altar_mp_ritualfount,
          minmay_pentomino_r2
D:2:      cheibrodos_greedy_goblins, layout_basic, serial_shops,
          nicolae_shop_bloodbath_and_beyond
D:3:      layout_rooms
D:4:      layout_gridville, mainiacjoe_overflow_chevrons, fedhas_altar_2,
          uniq_menkaure, uniq_edmund

Skill      XL: |  1  2  3  4  5 |
---------------+----------------+-----
Axes           | 2 3 5 |  5.0
Fighting       | 4 |  4.3
Armour         | |  3.2
Shields        | |  3.2

Action                   |  1- 3 |  4- 6 || total
-------------------------+-------+-------++-------
Melee: War axe           |    92 |    59 ||   151
       Broad axe         |       |    85 ||    85
  Use: Scroll            |     2 |    10 ||    12
Armor: Scale mail        |    32 |    83 ||   115
       Plate armour      |       |     4 ||     4
Dodge: Dodged            |    39 |    73 ||   112
Block: Buckler           |    13 |    28 ||    41

Table legend:
 A = Non-vault XP
 B = Vault XP
 C = Vault XP percentage of total XP
 D = Non-vault monster count
 E = Vault monster count
 F = Vault count percentage of total count
                 A         B        C        D         E       F
            +---------+---------+-------+---------+---------+-------
      Total |     315 |      20 |   6.0 |      64 |      10 |  13.5
            +---------+---------+-------+---------+---------+-------
        D:1 |      30 |       2 |   6.2 |      17 |       1 |   5.6
        D:2 |      61 |      18 |  22.8 |      19 |       9 |  32.1
        D:3 |     174 |       0 |   0.0 |      24 |       0 |   0.0
        D:4 |      50 |       0 |   0.0 |       4 |       0 |   0.0
            +---------+---------+-------+---------+---------+-------
